 Dungeon Crawl Stone Soup version 0.19-a0-1341-g3513869 (webtiles) character file.

18668 poirepourri the Fighter (level 12, -2/79 HPs)
             Began as a Gargoyle Fighter on Sept 1, 2016.
             Was an Elder of Cheibriados.
             Killed from afar by a red draconian scorcher (25 damage)
             ... with a bolt of fire
             ... on level 1 of the Abyss.
             The game lasted 00:25:31 (12345 turns).

poirepourri the Fighter (Gargoyle Fighter)         Turns: 12345, Time: 00:25:32

Health: -2/79      AC: 30    Str: 32      XL:     12   Next: 60%
Magic:  15/23      EV: 20    Int: 19      God:    Cheibriados [****..]
Gold:   594        SH: 15    Dex: 21 (22) Spells: 0 memorised, 11 levels left

rFire  . . .     SeeInvis .     R - +3 morningstar (freeze)
rCold  + . .     Gourm    .     O - +5 chain mail of Unambiguity {rC+ rCorr MP+9}
rNeg   + . .     Faith    .     c - +1 shield
rPois  ∞         Spirit   .     T - +2 helmet
rElec  +         Dismiss  .     (no cloak)
rCorr  +         Reflect  .     h - +1 pair of gloves
MR     .....     Harm     .     (no boots)
Stlth  .......... Rnd*Tele +    (no amulet)
                                (no ring)
                                e - +5 ring of evasion

@: very slow
A: deterioration 2, negative energy resistance 1, screaming 1, electricity
resistance, slow regeneration 2, teleportitis 1, unbreathing, petrification
resistance, no device heal 2, rot immunity, AC +8
a: Bend Time, Temporal Distortion, Slouch, Renounce Religion


You were on level 1 of the Abyss.
You worshipped Cheibriados.
Cheibriados was greatly pleased with you.
You were not hungry.

You visited 2 branches of the dungeon, and saw 12 of its levels.
You visited the Abyss 1 time.
You also visited: Sewer.

You collected 594 gold pieces.

Inventory:

Hand Weapons
 a - a +2 flail
 Q - a +3 mace
 R - a +3 morningstar of freezing (weapon)
Missiles
 w - 57 bolts
Armour
 b - a +0 scale mail
 c - a +1 shield (worn)
 h - a +1 pair of gloves (worn)
 O - the +5 chain mail of Unambiguity (worn) {rC+ rCorr MP+9}
   (You found it on level 8 of the Dungeon)

   It protects you from cold.
   It affects your magic capacity (+9).
   It protects you from acid and corrosion.
 T - a +2 helmet (worn)
Jewellery
 e - a +5 ring of evasion (left hand)
 g - an uncursed ring of teleportation
 K - an uncursed ring of poison resistance {unknown}
 N - an uncursed ring of positive energy {unknown}
 S - an uncursed amulet of faith
 U - an uncursed ring of magical power {unknown}
Wands
 s - a wand of slowing (37/48)
 y - a wand of lightning (13/15)
 D - a wand of acid (4/15)
 L - a wand of iceblast (8/15)
 M - a wand of polymorph (13/24)
 W - a wand of polymorph (12/24)
Scrolls
 d - a scroll of identify
 j - a scroll of blinking
 n - 5 scrolls of fog
 p - 3 scrolls of teleportation
 z - 3 scrolls of magic mapping
 B - a scroll of remove curse
 G - a scroll of recharging
 H - a scroll of amnesia
Potions
 i - a potion of heal wounds
 k - a potion of cure mutation {unknown}
 l - 2 potions of degeneration {unknown}
 o - a potion of mutation {unknown}
 q - 6 potions of magic
 r - a potion of invisibility {unknown}
 v - 2 potions of lignification {unknown}
 x - 2 potions of agility {unknown}
 A - 3 potions of ambrosia {unknown}
 F - a potion of flight {unknown}
 I - a potion of curing {unknown}
 J - a potion of resistance {unknown}
 V - 2 potions of brilliance
Books
 u - a book of Alchemy

   Spells                             Type                      Level
   a - Sublimation of Blood           Necromancy                   2
   b - Ignite Poison                  Fire/Transmutation/Poison    3
   c - Petrify                        Transmutation/Earth          4
   d - Alistair's Intoxication        Transmutation/Poison         5
   e - Irradiate                      Conjuration/Transmutation    5
 C - a book of Clouds

   Spells                             Type                      Level
   a - Mephitic Cloud                 Conjuration/Poison/Air       3
   b - Conjure Flame                  Conjuration/Fire             3
   c - Poisonous Cloud                Conjuration/Poison/Air       6
   d - Freezing Cloud                 Conjuration/Ice/Air          6
   e - Ring of Flames                 Charms/Fire                  7
 E - a book of Beasts

   Spells                             Type                      Level
   a - Summon Butterflies             Summoning                    1
   b - Call Canine Familiar           Summoning                    3
   c - Summon Ice Beast               Ice/Summoning                4
   d - Summon Mana Viper              Hexes/Summoning              5
   e - Summon Hydra                   Summoning                    7
Comestibles
 f - 8 bread rations
 m - 4 meat rations
 t - 15 fruits
 P - 3 slices of pizza


   Skills:
 + Level 10.6 Fighting
 + Level 10.5 Maces & Flails
 + Level 7.4 Armour
 + Level 8.6 Dodging
 + Level 10.2 Shields
 + Level 3.3 Invocations


You had 11 spell levels left.
You didn't know any spells.

Dungeon Overview and Level Annotations

Branches:
Dungeon (11/15)            Temple (1/1) D:4            Lair (0/6) D:8
    Orc (0/2) D:10

Altars:
Ashenzari
Cheibriados
Dithmenos
Elyvilon
Fedhas
Gozag
Hepliaklqana
Kikubaaqudgha
Makhleb
Nemelex Xobeh
Okawaru
Qazlal
Ru
Sif Muna
Trog
Uskayaw
Vehumet
Xom
Yredelemnul
Zin
The Shining One

Shops:
D:7 (

Annotations:
D:11 Sonja


Innate Abilities, Weirdness & Mutations

You are resistant to torment.
Your stone body is resilient. (AC +8)
You are immune to poison.
You resist negative energy. (rN+)
You are resistant to electric shocks. (rElec)
You can survive without breathing.
You are immune to petrification.
You are immune to rotting.
[Your body often deteriorates upon taking damage.]
[You occasionally shout uncontrollably at your foes.]
[You do not regenerate when monsters are visible.]
[You are occasionally teleported next to monsters.]
[Potions and wands are poor at restoring your health.]


Message History

The red draconian scorcher is almost dead.
The red draconian scorcher completely misses you.
You hit the red draconian scorcher but do no damage.
The red draconian scorcher is almost dead.
You can feel time thicken for a moment.
You kill the hell hound!
Cheibriados thoroughly appreciates the change of pace.
You feel your dexterity returning.
You feel somewhat more hungry.
You can no longer step out of the time flow.
Cheibriados lowers the support of your attributes as your movement quickens.
The red draconian scorcher gestures at you while chanting.
The bolt of magma hits you!
* * * LOW HITPOINT WARNING * * *
Your body deteriorates!
You feel clumsy.
You closely miss the red draconian scorcher.
The red draconian scorcher is almost dead.
The red draconian scorcher casts a spell at you.
The bolt of fire hits you!
You die...

.. #.#.# .#
.... #. #... #
.. ...# ### .#
...#..# .#...
.#... ...
.....##..##....
.# ##hq@......#
. #..3#.#..###.
.....##...####
....##.#### #..
..# ###.# # .
..... .## #
...#[#..# # ..
.# . . #
#....## .#


You could see a red draconian scorcher, a smoke demon and a raiju.

Vanquished Creatures
  The ghost of poirepourri the Nimble, a journeyman DsGl of Yredelemnul (D:11)
  A rakshasa (Abyss:1)
  A hydra (D:8)
  A thrashing horror (Abyss:1)
  A wretched star (Abyss:1)
  2 hill giants
  An orc knight (D:10)
  3 ugly things (D:11)
  A worldbinder (Abyss:1)
  A gargoyle (D:11)
  A kobold demonologist (D:10)
  An ancient zyme (Abyss:1)
  2 trolls
  Grinder (D:6)
  2 dream sheep (D:8)
  A raiju (Abyss:1)
  5 flying skulls (Abyss:1)
  3 large abominations (Abyss:1)
  Sigmund (D:3)
  A wraith (D:10)
  5 yaks
  3 hungry ghosts
  A hippogriff (D:10)
  Menkaure (D:6)
  Duvessa (D:5)
  An insubstantial wisp (Abyss:1)
  A water moccasin (D:9)
  A hell hound (Abyss:1)
  A sky beast (D:8)
  2 phantoms
  5 orc warriors
  A wasp (D:10)
  4 small abominations (Abyss:1)
  9 ogres
  2 black bears
  4 centaurs
  4 big kobolds
  A gnoll sergeant (D:5)
  10 giant frogs
  Dowan (D:5)
  A water moccasin zombie (D:6)
  A wyvern skeleton (D:7)
  2 scorpions (D:7)
  12 killer bees
  4 troll zombies (D:10)
  5 wights
  7 howler monkeys
  2 quasits (Abyss:1)
  8 crimson imps
  A giant frog zombie (D:9)
  A centaur zombie (D:10)
  3 hounds
  5 jellies
  5 orc priests
  Crazy Yiuf (D:6)
  2 centaur skeletons
  4 iguanas
  10 orc wizards
  5 worker ants
  4 ogre zombies (D:10)
  A hound zombie (D:7)
  12 gnolls
  13 adders
  4 river rats (Sewer)
  An ufetubus (Abyss:1)
  3 oozes
  An adder skeleton (D:6)
  An adder zombie (D:5)
  2 worms
  A dart slug (D:1)
  6 giant geckos
  64 orcs
  22 ball pythons
  5 giant cockroaches
  7 goblins
  6 hobgoblins
  8 jackals
  A quokka (D:4)
  4 bats
  A giant gecko zombie (D:5)
  4 giant newts
  2 goblin skeletons (D:10)
  4 goblin zombies (D:10)
  2 hobgoblin skeletons (D:10)
  2 hobgoblin zombies (D:10)
  A jackal skeleton (D:5)
  10 kobolds
  2 orc skeletons (D:10)
  13 orc zombies (D:10)
  26 rats
401 creatures vanquished.

Notes
Turn   | Place    | Note
-------+----------+-------------------------------------------
     0 | D:1      | poirepourri the Gargoyle Fighter began the quest for the Orb.
     0 | D:1      | Reached XP level 1. HP: 14/14 MP: 1/1
    76 | D:1      | Reached XP level 2. HP: 17/20 MP: 2/2
   621 | D:2      | Reached XP level 3. HP: 17/24 MP: 3/3
   683 | D:2      | Reached XP level 4. HP: 28/30 MP: 4/4
   843 | D:2      | Found a faded altar of an unknown god.
   954 | D:2      | Reached skill level 1 in Dodging
  1138 | D:2      | Found a burning altar of Makhleb.
  1138 | D:2      | Found a shimmering altar of Xom.
  1374 | D:3      | Reached XP level 5. HP: 34/34 MP: 5/5
  1553 | D:3      | Noticed Sigmund
  1588 | D:3      | Killed Sigmund
  1588 | D:3      | Reached skill level 5 in Fighting
  1588 | D:3      | Reached XP level 6. HP: 16/40 MP: 6/6
  1992 | D:3      | Found a stormy altar of Qazlal.
  2617 | D:4      | Found a glowing drain.
  2749 | Sewer    | Entered a sewer
  3098 | Sewer    | Reached XP level 7. HP: 43/45 MP: 7/7
  4699 | D:4      | Found a staircase to the Ecumenical Temple.
  4708 | Temple   | Entered the Ecumenical Temple
  4847 | Temple   | Became a worshipper of Cheibriados the Contemplative
  4905 | D:5      | Entered Level 5 of the Dungeon
  5505 | D:5      | Noticed Dowan
  5506 | D:5      | Noticed Duvessa
  5519 | D:5      | Killed Duvessa
  5519 | D:5      | Reached XP level 8. HP: 49/51 MP: 8/8
  5538 | D:5      | Killed Dowan
  5538 | D:5      | Reached skill level 5 in Dodging
  5592 | D:5      | Reached * piety under Cheibriados
  5592 | D:5      | Reached skill level 5 in Maces & Flails
  6102 | D:6      | Noticed Menkaure
  6123 | D:6      | Killed Menkaure
  6138 | D:6      | Got a pitted cloak
  6275 | D:6      | Identified the cursed +0 cloak of Circular Logic {rPois MP+9 Str-5 Dex+5} (You found it on level 6 of the Dungeon)
  6443 | D:6      | Noticed Grinder
  6461 | D:6      | Killed Grinder
  6571 | D:6      | Reached XP level 9. HP: 57/57 MP: 9/9
  6579 | D:6      | Found a glowing golden altar of the Shining One.
  6581 | D:6      | Found a stormy altar of Qazlal.
  6581 | D:6      | Found a sacrificial altar of Ru.
  6989 | D:6      | Found a runed door.
  7184 | D:6      | Reached ** piety under Cheibriados
  7204 | D:6      | Noticed Crazy Yiuf
  7208 | D:6      | Killed Crazy Yiuf
  7715 | D:7      | Found Satumuw's Antique Weapon Emporium.
  8072 | D:8      | Reached *** piety under Cheibriados
  8192 | D:8      | Noticed a catoblepas
  8362 | D:8      | Found a staircase to the Lair.
  8419 | D:8      | Reached XP level 10. HP: 64/64 MP: 10/10
  8505 | D:8      | Reached skill level 5 in Shields
  8526 | D:8      | Got an ichor-stained chain mail
  8537 | D:8      | Identified the +5 chain mail of Unambiguity {rC+ rCorr MP+9} (You found it on level 8 of the Dungeon)
  8978 | D:8      | Noticed a three-headed hydra
  8989 | D:8      | Killed a three-headed hydra
  8989 | D:8      | Reached skill level 5 in Armour
  9217 | D:9      | Noticed a hill giant
  9240 | D:9      | Reached **** piety under Cheibriados
  9283 | D:9      | Reached skill level 1 in Invocations
  9529 | D:8      | Killed a hill giant
  9529 | D:8      | Reached XP level 11. HP: 55/71 MP: 12/12
 10228 | D:10     | Entered Level 10 of the Dungeon
 10377 | D:10     | Noticed a hill giant
 10383 | D:10     | Killed a hill giant
 10418 | D:10     | Reached ***** piety under Cheibriados
 10446 | D:10     | Found a staircase to the Orcish Mines.
 10775 | D:10     | Noticed an orc knight
 10797 | D:10     | Killed an orc knight
 11527 | D:11     | Noticed a purple ugly thing
 11537 | D:11     | Killed a purple ugly thing
 11631 | D:11     | Noticed a cyan ugly thing
 11638 | D:11     | Killed a cyan ugly thing
 11638 | D:11     | Reached skill level 10 in Fighting
 11780 | D:11     | Noticed a purple ugly thing
 11793 | D:11     | Killed a purple ugly thing
 11800 | D:11     | Noticed poirepourri's ghost (journeyman DsGl)
 11825 | D:11     | Killed poirepourri's ghost
 11825 | D:11     | Reached skill level 10 in Maces & Flails
 11825 | D:11     | Reached XP level 12. HP: 58/77 MP: 13/13
 11948 | D:11     | Noticed Sonja
 11955 | D:11     | Cast into level 1 of the Abyss (Sonja)
 11983 | Abyss:1  | Found a corrupted altar of Lugonu.
 11993 | Abyss:1  | Noticed a wretched star
 12067 | Abyss:1  | Noticed a thrashing horror
 12071 | Abyss:1  | Killed a thrashing horror
 12129 | Abyss:1  | Noticed a rakshasa
 12162 | Abyss:1  | Killed a rakshasa
 12225 | Abyss:1  | Found a corrupted altar of Lugonu.
 12225 | Abyss:1  | Found a corrupted altar of Lugonu.
 12293 | Abyss:1  | Noticed a wretched star
 12303 | Abyss:1  | Killed a wretched star
 12303 | Abyss:1  | Reached skill level 10 in Shields
 12334 | Abyss:1  | Noticed a red draconian scorcher
 12345 | Abyss:1  | Killed from afar by a red draconian scorcher

Vault maps used:
D:1:      minmay_arrival_solitary_statue, feat_on_display
D:2:      gammafunk_temple_overflow_statue, ecumenical_altar_2
D:3:      nicolae_qazlal_eye_of_the_storm, uniq_sigmund
D:4:      first_bread, portal_sewer_entry_e
D:5:      uniq_duvessa
D:6:      gammafunk_temple_overflow_forgotten, uniq_crazy_yiuf_cottage,
          uniq_menkaure, uniq_grinder
D:7:      serial_shops, shop
D:8:      lair_0_dummy, minmay_misc_feat_tower, hangedman_ranch,
          onia_ninara_dug_in_and_dangerous
D:9:      special_room
D:10:     kennysheep_big_flooded_room, zombieorc2_lemuel
D:11:     uniq_sonja
Temple:   nicolae_temple_elliptical
Sewer:    sewer_minmay_w

Skill      XL: |  1  2  3  4  5  6  7  8  9 10 11 12 |
---------------+-------------------------------------+-----
Fighting       | 4 5 6 7 9 10 | 10.6
Dodging        | 1 2 3 4 6 7 8 |  8.6
Maces & Flails | 3 4 6 7 8 10 | 10.5
Shields        | 4 7 9 10 | 10.2
Armour         | 4 5 6 7 |  7.4
Invocations    | 1 2 3 |  3.3

Action                   |  1- 3 |  4- 6 |  7- 9 | 10-12 || total
-------------------------+-------+-------+-------+-------++-------
Melee: Flail             |    62 |   194 |   634 |   103 ||   993
       Morningstar       |       |       |       |   548 ||   548
Invok: Bend Time         |       |       |       |     8 ||     8
       Temporal Distorti |       |       |       |     2 ||     2
       Slouch            |       |       |       |     5 ||     5
Evoke: Wand              |       |       |       |     1 ||     1
  Use: Scroll            |       |     7 |    12 |    12 ||    31
       Potion            |       |     2 |     4 |    11 ||    17
  Eat: Bread ration      |       |     2 |     1 |       ||     3
       Fruit             |       |     2 |       |       ||     2
       Pizza             |       |       |     1 |     3 ||     4
       Meat ration       |       |       |     1 |     1 ||     2
       Royal jelly       |       |       |     1 |       ||     1
       Beef jerky        |       |       |     1 |     3 ||     4
Armor: Scale mail        |    33 |   101 |   334 |     1 ||   469
       Chain mail        |       |       |       |   214 ||   214
Dodge: Dodged            |    16 |    86 |   640 |   453 ||  1195
Block: Shield            |    42 |    98 |   551 |   560 ||  1251
